[Event "56th Rubinstein Memorial A 2020"]
[Site "Polanica Zdroj"]
[Date "2020.08.21"]
[Round "7.7"]
[White "Galant, Ireneusz"]
[Black "Stachecki, Mikolaj"]
[Result "0-1"]
[ECO "A48"]
[WhiteElo "1803"]
[BlackElo "1806"]
[Annotator "NA RC"]
[PlyCount "120"]
[EventDate "2020.08.15"]
[EventType "swiss"]
[EventCountry "POL"]
[SourceTitle "playchess.com"]
[Source "ChessBase"]
[SourceQuality "1"]
[TimeControl "40/5400+30:1800+30"]

1. d4 Nf6 2. Nf3 g6 3. Bf4 Bg7 4. Nc3 d5 5. e3 c6 6. Ne5 Nfd7 7. Nd3 a5 8. a4 b6 9. h4 h5 10. g4 Nf6 11. gxh5 (11. g5 $11 Ne4 12. Bg2) 11... Bg4 (11... Nxh5 $11 12. Bh2 Bf5) 12. Be2 Bxe2 13. Qxe2 Nxh5 14. Bh2 Nd7 15. O-O-O Qc8 16. f3 Qa6 17. Qf2 Qc4 18. Kd2 Bh6 19. f4 Nhf6 20. Qg2 e6 21. b3 Qa6 22. Nf2 b5 23. e4 b4 24. Ne2 dxe4 25. Nxe4 Nxe4+ 26. Qxe4 Nf6 27. Qf3 Nd5 ({Better is} 27... Qb7 $17 28. Bg3 Qd7) 28. Kc1 O-O-O 29. Bg3 Kb7 (29... Nf6 $15) 30. Rh2 Rc8 31. Kb2 Bg7 32. Ka2 f5 (32... Rh5 $17 33. c4 bxc3 34. Nxc3 Qb6 35. Nxd5 Rxd5) 33. Be1 c5 34. c4 bxc3 $1 35. Nxc3 Bxd4 36. Nxd5 Qc6 37. Re2 Qxd5 38. Qxd5+ (38. Qg3 $11 {remains equal.}) 38... exd5 39. Re7+ Rc7 40. Re6 Rc6 41. Re7+ Kb6 42. Rd7 $2 (42. Re2 $17 {was necessary.}) 42... Re6 43. Rxd5 Kc6 44. R5xd4 cxd4 45. Bxa5 Rxh4 46. Rxd4 Re4 47. Rd2 Rhxf4 48. Rc2+ Kb7 49. Bd8 Rf1 50. Rc7+ Kb8 51. Rc6 f4 52. Rxg6 f3 53. Bf6 f2 54. Rg8+ Kb7 55. Rf8 {[%emt 0:00:12] [#]} Rf4 56. Rf7+ Kc6 57. b4 {[%emt 0:00:52] [#]} Ra1+ $1 {[%emt 0:02:28] Decoy, Clearance, Promotion} 58. Kb3 Rb1+ 59. Kc3 f1=Q 60. b5+ Rxb5 0-1

[Event "56th Rubinstein Memorial A 2020"]
[Site "Polanica Zdroj"]
[Date "2020.08.21"]
[Round "7.20"]
[White "Rog, Bartlomiej"]
[Black "Jedynak, January"]
[Result "1-0"]
[ECO "C43"]
[WhiteElo "1866"]
[BlackElo "1887"]
[Annotator "NA RC"]
[PlyCount "71"]
[EventDate "2020.08.15"]
[EventType "swiss"]
[EventCountry "POL"]
[SourceTitle "playchess.com"]
[Source "ChessBase"]
[SourceQuality "1"]
[TimeControl "40/5400+30:1800+30"]

1. e4 e5 2. Nf3 Nf6 3. d4 Nxe4 4. Bd3 d5 5. dxe5 Be7 6. O-O Nc5 7. Be2 {[%emt 0:00:36] C43: Petroff Defence: 3 d4.} O-O 8. Be3 c6 9. Nd4 {[%emt 0:04:24] [#]} Ne6 $146 ({Predecessor:} 9... Qc7 10. f4 f6 11. exf6 Bxf6 12. Nc3 Ne6 13. Nb3 Nd7 14. Qd2 Nb6 15. f5 d4 16. fxe6 dxc3 17. bxc3 Bxe6 {½-½ (43) Shirov,A (2713)-Alekseev,E (2662) Saratov 2011}) 10. Nxe6 Bxe6 11. f4 f5 12. c3 c5 13. Nd2 Nc6 14. Nb3 (14. Nf3 $14) 14... Qb6 15. Qc2 Rac8 16. Rfd1 Rfd8 17. Nd2 Nd4 18. Bxd4 cxd4 19. Kh1 dxc3 20. bxc3 Qe3 21. Nf3 Rxc3 22. Qb2 {[%emt 0:02:28] [#]} Ba3 (22... d4 $1 $17 23. Qxb7 Bc5) 23. Qxb7 Qxe2 (23... d4 $11 24. Qa6 Bf7) 24. Nd4 {[%emt 0:00:12] Double Attack} Qg4 25. Nxe6 Rc2 26. Rg1 Rdc8 27. Qxd5 Kh8 28. Rad1 h6 29. Qb7 R8c3 $2 (29... Qg6) 30. Rd8+ Kh7 {[%emt 0:00:05] [#]} 31. Rd7 $18 Bf8 32. Nxf8+ Kh8 33. Rd8 Rc6 34. Nd7+ Kh7 35. Nf6+ Rxf6 36. exf6 1-0

[Event "56th Rubinstein Memorial A 2020"]
[Site "Polanica Zdroj"]
[Date "2020.08.22"]
[Round "8.4"]
[White "Stachecki, Mikolaj"]
[Black "Siekanska, Maria"]
[Result "1-0"]
[ECO "B81"]
[WhiteElo "1806"]
[BlackElo "1928"]
[Annotator "RC"]
[PlyCount "85"]
[EventDate "2020.08.15"]
[EventType "swiss"]
[EventCountry "POL"]
[SourceTitle "playchess.com"]
[Source "ChessBase"]
[SourceQuality "1"]
[TimeControl "40/5400+30:1800+30"]

1. e4 c5 2. Nf3 e6 3. d4 cxd4 4. Nxd4 Nf6 5. Nc3 d6 6. g4 Nc6 7. g5 Nd7 8. Be3 Be7 9. h4 O-O 10. Qh5 a6 11. O-O-O Nxd4 12. Bxd4 b5 13. f4 b4 14. Bxg7 Kxg7 15. e5 Nc5 16. Na4 d5 17. Nxc5 Bxc5 18. Qh6+ Kh8 19. Bd3 f5 20. exf6 Ra7 21. Kb1 a5 22. f5 exf5 23. Rhe1 a4 24. Bc4 d4 25. f7 Qb6 26. Re6 Qd8 27. Rf6 Rfxf7 28. Rxf7 Rxf7 29. Bxf7 Qf8 30. Qf6+ Qg7 31. Qd8+ Qf8 32. Rxd4 Be7 33. Qxf8+ Bxf8 34. Be8 Be6 35. Bd7 Bc5 36. Rd1 Bxd7 37. Rxd7 f4 38. Rf7 Bd6 39. h5 Kg8 40. g6 hxg6 41. hxg6 f3 42. Rxf3 Kg7 43. Re3 1-0

[Event "56th Rubinstein Memorial A 2020"]
[Site "Polanica Zdroj"]
[Date "2020.08.22"]
[Round "8.5"]
[White "Polak, Michal"]
[Black "Wojcik, Wieslaw"]
[Result "0-1"]
[ECO "B32"]
[WhiteElo "1878"]
[BlackElo "1863"]
[Annotator "NA RC"]
[PlyCount "110"]
[EventDate "2020.08.15"]
[EventType "swiss"]
[EventCountry "POL"]
[SourceTitle "playchess.com"]
[Source "ChessBase"]
[SourceQuality "1"]
[TimeControl "40/5400+30:1800+30"]

1. e4 c5 2. Nf3 Nc6 3. d4 cxd4 4. Nxd4 e5 5. Nb5 d6 6. N1c3 a6 7. Na3 b5 8. Nd5 Nf6 9. Bg5 Be7 10. Bxf6 Bxf6 11. g3 O-O 12. Bg2 {[%emt 0:00:19] [#] B33: Sicilian: Pelikan and Sveshnikov Variations.} Ra7 $146 ({Predecessor:} 12... Bg5 13. O-O Ne7 14. c4 Rb8 15. Nxe7+ Qxe7 16. Qd3 bxc4 17. Nxc4 Be6 18. h4 Bxc4 19. Qxc4 Bd2 20. Qxa6 Rxb2 {½-½ (59) Bitensky,I (2377)-Bronstein,O (2428) Petah Tikva 2020}) 13. O-O Bg5 14. c3 Ne7 15. Nc2 Nxd5 16. Qxd5 Be6 17. Qd1 $1 a5 18. Re1 Qb6 19. Ne3 g6 20. Qd3 f5 21. exf5 Bxe3 22. Qxe3 Qxe3 23. Rxe3 gxf5 24. Rd1 Ra6 25. Red3 Rd8 26. Bd5 Kf7 $1 27. f3 Rb8 28. Kf2 Bxd5 29. Rxd5 Ke6 30. R5d3 b4 31. R1d2 Rc6 32. Rd5 bxc3 33. bxc3 Ra8 34. c4 Raa6 35. Rc2 Rxc4 {[%emt 0:04:25] [#]} 36. Rxe5+ $1 Kxe5 37. Rxc4 Rb6 38. Ke3 Rb2 39. Ra4 Rxh2 40. Rxa5+ d5 41. Ra6 d4+ 42. Kd3 Rg2 43. f4+ Kd5 44. Ra5+ Ke6 45. Kxd4 Rxg3 46. Ra6+ Kf7 47. Ke5 h5 48. Kxf5 h4 49. Ra7+ Kg8 $11 50. Kf6 h3 51. Ra5 Rg7 52. Ra3 h2 53. Rh3 Rh7 54. Rg3+ Kf8 55. Rc3 Rh6+ 0-1

[Event "56th Rubinstein Memorial A 2020"]
[Site "Polanica Zdroj"]
[Date "2020.08.22"]
[Round "8.6"]
[White "Kowalczyk, Wojciech"]
[Black "Mirowska, Oliwia"]
[Result "1-0"]
[ECO "B06"]
[WhiteElo "1873"]
[BlackElo "1898"]
[Annotator "NA RC"]
[PlyCount "81"]
[EventDate "2020.08.15"]
[EventType "swiss"]
[EventCountry "POL"]
[SourceTitle "playchess.com"]
[Source "ChessBase"]
[SourceQuality "1"]
[TimeControl "40/5400+30:1800+30"]

1. e4 g6 2. d4 d6 3. Nc3 Bg7 4. Be3 a6 5. a4 b6 6. Be2 {[%emt 0:03:51] B06: Modern Defence.} Bb7 7. Bf3 Nd7 8. Nge2 e5 9. d5 {[%emt 0:01:02] [#]} h5 $146 ({Predecessor:} 9... Ngf6 10. g4 h5 11. g5 Nh7 12. h4 f6 13. Qd2 fxg5 14. hxg5 O-O 15. Bg2 Re8 {1-0 (56) Vetemaa,J (2325)-Heinimaki,L (2080) Jyvaskyla 1998}) 10. Nc1 Ngf6 11. Be2 Bc8 12. f3 Rb8 13. b4 Nh7 14. Qd2 g5 (14... O-O $14) 15. Nd3 Ndf8 16. O-O-O Ng6 17. g3 Bd7 18. Rdg1 c5 {[%emt 0:02:09] [#]} 19. dxc6 $1 Bxc6 20. b5 axb5 21. axb5 Ba8 22. Nb4 Qd7 23. Kb2 f6 24. Ra1 O-O 25. Bc4+ Kh8 26. Rhd1 Rfc8 27. Bd5 Bxd5 28. Qxd5 Bf8 29. Nc6 Rb7 30. Ra6 Qc7 $2 (30... Ne7 {might work better.} 31. Nxe7 (31. Qxd6 Qh3 $18) 31... Bxe7) 31. Qe6 Ne7 32. Nd5 Nxd5 33. Rxd5 ({Don't take} 33. Qxd5 g4 $18) 33... Rbb8 34. Rd1 ({Not} 34. Bxb6 Rxb6 35. Rxb6 Ra8 $16) 34... Re8 35. Qd5 Rb7 36. Rda1 f5 37. Ra8 Rc8 $18 (37... Nf6 $142) 38. Qe6 Rxa8 39. Rxa8 fxe4 40. fxe4 Kg7 41. h4 1-0

[Event "56th Rubinstein Memorial A 2020"]
[Site "Polanica Zdroj"]
[Date "2020.08.22"]
[Round "8.7"]
[White "Topola, Rafal"]
[Black "Antoniewicz, Jakub"]
[Result "1-0"]
[ECO "B90"]
[WhiteElo "1808"]
[BlackElo "1806"]
[Annotator "NA RC"]
[PlyCount "71"]
[EventDate "2020.08.15"]
[EventType "swiss"]
[EventCountry "POL"]
[SourceTitle "playchess.com"]
[Source "ChessBase"]
[SourceQuality "1"]
[TimeControl "40/5400+30:1800+30"]

1. e4 c5 2. Nf3 d6 3. d4 cxd4 4. Nxd4 Nf6 5. Nc3 a6 6. Be3 e5 7. Nf3 Be7 8. Bc4 O-O 9. O-O Bg4 {[%emt 0:02:06] B90: Sicilian Najdorf: Unusual White 6th moves, 6 Be3 Ng4 and 6 Be3 e5.} 10. h3 Bh5 {[%emt 0:00:34] [#]} 11. Qd2 $146 ({White should try} 11. g4 $16 Bg6 12. Nh4) ({Predecessor:} 11. Bb3 Nbd7 12. g4 Bg6 13. Nh4 b5 14. Nf5 Nc5 15. Nd5 Bxf5 16. exf5 Nxd5 17. Bxd5 {1-0 (60) Korneev,O (2602)-Chernobay,A (2502) Moscow 2012}) 11... Nbd7 12. Rfe1 Rc8 13. Bb3 Rxc3 14. Qxc3 Nxe4 15. Qb4 Bxf3 16. gxf3 Nec5 17. Rad1 Qc8 18. Kg2 Kh8 19. f4 Qc7 20. Qc3 b6 21. Bxc5 bxc5 22. Qd3 a5 23. Qb5 Rb8 24. Qe2 Rb4 25. Bxf7 Rxf4 26. Bd5 Bh4 27. Rf1 Nf6 28. Qa6 h5 29. Qb7 Nxd5 30. Qxd5 Rf6 $2 (30... Qc8 $16) 31. Qa8+ Kh7 32. Qe4+ Rg6+ {[%emt 0:00:06] [#]} 33. Kh1 $1 Qf7 34. Rxd6 Bf6 35. Rg1 Kh6 36. Rxg6+ $18 1-0

[Event "56th Rubinstein Memorial A 2020"]
[Site "Polanica Zdroj"]
[Date "2020.08.23"]
[Round "9.1"]
[White "Starosciak, Szymon"]
[Black "Dytman, Radoslaw"]
[Result "1/2-1/2"]
[ECO "A41"]
[WhiteElo "1850"]
[BlackElo "1867"]
[Annotator "NA"]
[PlyCount "65"]
[EventDate "2020.08.15"]
[EventType "swiss"]
[EventCountry "POL"]
[SourceTitle "playchess.com"]
[Source "ChessBase"]
[SourceQuality "1"]
[TimeControl "40/5400+30:1800+30"]

1. d4 d6 2. c4 e5 3. dxe5 dxe5 4. Qxd8+ Kxd8 5. Nc3 Be6 6. b3 c6 7. Bb2 f6 8. e3 {[%emt 0:05:09] A41: 1 d4 d6: Tartakower System and Modern Defence.} Kc7 9. Nf3 a5 10. Be2 Na6 11. O-O Nh6 12. Rac1 {[%emt 0:02:05] [#]} Nf7 $146 ({Predecessor:} 12... Rd8 13. Rfd1 Rxd1+ 14. Rxd1 Nc5 15. Ne1 Nf7 16. Nd3 Nxd3 17. Bxd3 f5 18. Na4 b6 {½-½ (32) Julin,A (2236)-Aridov,V (2157) Kiev 2007}) 13. Nd5+ Kd8 14. Nb6 Ra7 15. Rfd1+ Kc7 16. Nd5+ Kb8 17. Nc3 Nc5 18. Nd2 a4 19. Nde4 (19. b4 $5 a3 20. Ba1 $11) 19... Nxe4 20. Nxe4 axb3 21. axb3 Ra2 22. Rd2 Rxb2 23. Rxb2 Ba3 24. Rcc2 $11 Bxb2 25. Rxb2 Kc7 26. Nc5 Bc8 27. Rd2 b6 28. Ne4 Be6 29. Ra2 Kb7 30. Kf1 Rd8 31. Ke1 Nd6 32. Rd2 Kc7 33. c5 1/2-1/2

[Event "56th Rubinstein Memorial A 2020"]
[Site "Polanica Zdroj"]
[Date "2020.08.23"]
[Round "9.2"]
[White "Sabuk, Piotr"]
[Black "Luch, Michal"]
[Result "1-0"]
[ECO "D30"]
[WhiteElo "2377"]
[BlackElo "2409"]
[Annotator "ChessBase"]
[PlyCount "99"]
[EventDate "2020.08.15"]
[EventType "swiss"]
[EventCountry "POL"]
[SourceTitle "playchess.com"]
[Source "ChessBase"]
[SourceQuality "1"]
[TimeControl "40/5400+30:1800+30"]

1. d4 d5 2. c4 e6 3. Nf3 Nf6 4. g3 Bb4+ 5. Bd2 Be7 6. Bg2 O-O 7. O-O Nbd7 8. Qc2 Ne4 9. Bc1 c6 10. Nc3 Nxc3 11. bxc3 b6 12. cxd5 cxd5 13. c4 Bb7 14. cxd5 Rc8 15. Qb1 Bxd5 16. e4 Bb7 17. Bf4 Nf6 18. Re1 Rc4 19. Qd3 Ra4 20. a3 a6 21. Bc1 Qd7 22. Bb2 Qb5 23. Qxb5 axb5 24. Ne5 b4 25. axb4 Rxa1 26. Bxa1 Bxb4 27. Rb1 Ba5 28. f3 Rc8 29. Bf1 Bc6 30. Kf2 Be8 31. Bd3 Ba4 32. Ke3 Nd7 33. Nc4 Bc2 34. Bxc2 Rxc4 35. Bd3 Rc7 36. Bb2 f6 37. f4 Kf7 38. g4 Nb8 39. h4 Rc8 40. h5 h6 41. Ra1 Rc7 42. Ra4 Nc6 43. Ba3 Bc3 44. d5 Na5 45. d6 Rc8 46. d7 Rd8 47. Bb5 Nb3 48. Rc4 Bd2+ 49. Kd3 Bxf4 50. Rc8 1-0

[Event "56th Rubinstein Memorial A 2020"]
[Site "Polanica Zdroj"]
[Date "2020.08.23"]
[Round "9.2"]
[White "Betkowski, Andrzej"]
[Black "Grzesik, Norbert"]
[Result "1-0"]
[ECO "A45"]
[WhiteElo "2044"]
[BlackElo "1980"]
[Annotator "NA"]
[PlyCount "110"]
[EventDate "2020.08.15"]
[EventType "swiss"]
[EventCountry "POL"]
[SourceTitle "playchess.com"]
[Source "ChessBase"]
[SourceQuality "1"]
[TimeControl "40/5400+30:1800+30"]

1. d4 Nf6 2. Bg5 d5 3. e3 c5 4. c3 Qb6 5. Qb3 Nbd7 6. Nf3 c4 7. Qc2 Qc6 8. Nbd2 b5 9. Be2 e6 10. Ne5 Nxe5 11. dxe5 Nd7 12. Nf3 Qc7 13. Bf4 Rb8 14. O-O g6 15. a4 b4 16. cxb4 Rxb4 17. Nd4 Ba6 18. b3 Bc5 $11 19. bxc4 Bxc4 20. Nb5 Qa5 21. Nd6+ Bxd6 22. exd6 O-O 23. Bh6 Rfb8 24. Qc3 f6 25. Bxc4 dxc4 26. e4 Qc5 27. Be3 Qxd6 28. Bxa7 R8b7 29. Rfd1 Qc7 30. Be3 Rb3 31. Qd4 Qc6 32. a5 Qa6 33. Qd6 Qxd6 34. Rxd6 Rb1+ 35. Rd1 Rxd1+ 36. Rxd1 Nb8 37. Kf1 Kf7 38. Ra1 Na6 39. Bb6 Rb8 40. Ke2 Ke7 41. Kd2 Rc8 42. Kc3 Rc6 43. Ra4 Kd6 44. Rxc4 Rxc4+ 45. Kxc4 Kc6 46. Bd8 f5 47. e5 Nc5 48. Bb6 Nd7 49. Bd4 Nb8 50. Bc5 Nd7 51. Bd6 g5 52. f3 h5 53. h4 g4 54. f4 g3 55. Kb4 Kd5 1-0

[Event "56th Rubinstein Memorial A 2020"]
[Site "Polanica Zdroj"]
[Date "2020.08.23"]
[Round "9.3"]
[White "Pultinevicius, Paulius"]
[Black "Luba, Lukasz"]
[Result "1-0"]
[ECO "A05"]
[WhiteElo "2512"]
[BlackElo "2188"]
[Annotator "ChessBase"]
[PlyCount "63"]
[EventDate "2020.08.15"]
[EventType "swiss"]
[EventCountry "POL"]
[SourceTitle "playchess.com"]
[Source "ChessBase"]
[SourceQuality "1"]
[TimeControl "40/5400+30:1800+30"]

1. Nf3 Nf6 2. c4 g6 3. d4 Bg7 4. g3 c6 5. Bg2 d5 6. Qb3 Qb6 7. Nc3 Nbd7 8. O-O Qxb3 9. axb3 Nb6 10. c5 Nbd7 11. b4 Ne4 12. Rd1 f5 13. Bf4 O-O 14. Bc7 Re8 15. b5 Nf8 16. bxc6 bxc6 17. e3 Bb7 18. Ra5 Ne6 19. Be5 Bf6 20. Rda1 g5 21. Bf1 g4 22. Bxf6 gxf3 23. Nxe4 fxe4 24. Be5 a6 25. b4 Kf7 26. h4 Rg8 27. Bxa6 Ra7 28. Bf1 Rxa5 29. bxa5 Nf8 30. Rb1 Ba8 31. Bh3 e6 32. Rb8 1-0

[Event "56th Rubinstein Memorial A 2020"]
[Site "Polanica Zdroj"]
[Date "2020.08.23"]
[Round "9.3"]
[White "Topola, Rafal"]
[Black "Domanski, Lukasz"]
[Result "1/2-1/2"]
[ECO "B03"]
[WhiteElo "1808"]
[BlackElo "2039"]
[Annotator "NA"]
[PlyCount "73"]
[EventDate "2020.08.15"]
[EventType "swiss"]
[EventCountry "POL"]
[SourceTitle "playchess.com"]
[Source "ChessBase"]
[SourceQuality "1"]
[TimeControl "40/5400+30:1800+30"]

1. e4 Nf6 2. e5 Nd5 3. d4 d6 4. c4 Nb6 5. exd6 exd6 6. Nc3 Nc6 7. Be3 Be7 8. b3 {[%emt 0:00:55] B03: Alekhine's Defence: Four Pawns Attack.} Bf6 {[%emt 0:02:13] [#]} 9. h3 $146 ({Predecessor:} 9. Be2 O-O 10. Nf3 Bf5 11. O-O d5 12. c5 Nc8 13. Qd2 N8e7 14. h3 Be4 15. g4 h6 {½-½ (64) Mitkov,N (2578)-Minasian,A (2478) Ohrid 2001}) 9... Be6 10. Nf3 d5 11. c5 Nc8 12. Rb1 N8e7 13. Bf4 ({White should play} 13. Qd2 $11) 13... a6 14. g4 Ng6 15. Qd2 (15. Be3 $15) 15... Nh4 $2 (15... Nxf4 $19 16. Qxf4 g5) 16. Nxh4 $1 Bxh4 17. Bg2 O-O 18. O-O h5 19. gxh5 Bf6 20. Be5 $15 (20. Ne2 $14) 20... Nxe5 21. dxe5 Bxe5 22. Nxd5 Bxd5 23. Qxd5 Qf6 24. Rfe1 Bd4 25. Qf3 Qg5 26. Red1 Rad8 27. Qxb7 Qxc5 28. Qf3 Rd6 29. Rbc1 Qb6 30. Rc6 Bxf2+ 31. Kf1 Rxd1+ 32. Qxd1 Qe3 33. Qe2 Qxe2+ 34. Kxe2 Bb6 35. Rc4 Rd8 36. Bb7 a5 37. Re4 1/2-1/2

[Event "56th Rubinstein Memorial A 2020"]
[Site "Polanica Zdroj"]
[Date "2020.08.23"]
[Round "9.4"]
[White "Wojcik, Wieslaw"]
[Black "Kowalczyk, Wojciech"]
[Result "0-1"]
[ECO "E97"]
[WhiteElo "1863"]
[BlackElo "1873"]
[Annotator "NA"]
[PlyCount "86"]
[EventDate "2020.08.15"]
[EventType "swiss"]
[EventCountry "POL"]
[SourceTitle "playchess.com"]
[Source "ChessBase"]
[SourceQuality "1"]
[TimeControl "40/5400+30:1800+30"]

1. d4 Nf6 2. Nf3 g6 3. c4 Bg7 4. Nc3 O-O 5. e4 d6 6. Be2 e5 7. O-O Nc6 8. d5 Ne7 9. b4 Nh5 10. Qb3 Nf4 {[%emt 0:02:27] E97: King's Indian: Classical Main Line (6...e5 7 0-0 Nc6): 8 Be3 and 8 d5 Ne7, not 9 Ne1.} 11. Bxf4 exf4 12. Rac1 Bg4 13. c5 Bxf3 14. Bxf3 {[%emt 0:01:20] [#]} g5 $146 ({Predecessor:} 14... f5 15. Rfe1 Rf7 16. Qc4 fxe4 17. Rxe4 Nf5 18. Rce1 a5 19. bxa5 dxc5 20. Qxc5 Bf8 {0-1 (40) Dihm,D-Haag,F GER corr 1996}) 15. Bg4 Ng6 16. cxd6 cxd6 17. Nb5 Ne5 (17... a6 $5 18. Nc7 Rb8 $14) 18. Bf5 g4 19. f3 $2 (19. Kh1 $14 {stays ahead.}) 19... Qb6+ 20. Kh1 Qxb5 21. fxg4 Qd3 22. Qxd3 Nxd3 $19 23. Rb1 Bd4 24. g3 fxg3 25. Kg2 Ne5 26. Rbc1 gxh2 27. Kxh2 a5 28. b5 Bb6 29. Kg3 Kg7 30. a4 Rae8 31. Rh1 Rh8 32. Rh5 Re7 33. g5 Rc7 34. Rch1 Rc3+ 35. Kg2 Ng6 36. Bxg6 fxg6 37. R5h4 Rc2+ 38. Kf3 Rf8+ 39. Kg4 Rg2+ 40. Kh3 Rxg5 41. e5 Rxe5 42. Kg2 Re2+ 43. Kh3 h5 0-1

[Event "56th Rubinstein Memorial A 2020"]
[Site "Polanica Zdroj"]
[Date "2020.08.23"]
[Round "9.5"]
[White "Butkiewicz, Lukasz"]
[Black "Luberanski, Jakub"]
[Result "1-0"]
[ECO "C77"]
[WhiteElo "2400"]
[BlackElo "2146"]
[Annotator "ChessBase"]
[PlyCount "65"]
[EventDate "2020.08.15"]
[EventType "swiss"]
[EventCountry "POL"]
[SourceTitle "playchess.com"]
[Source "ChessBase"]
[SourceQuality "1"]
[TimeControl "40/5400+30:1800+30"]

1. e4 e5 2. Nf3 Nc6 3. Bb5 a6 4. Ba4 Nf6 5. d3 Bc5 6. c3 b5 7. Bb3 O-O 8. O-O d6 9. h3 h6 10. Be3 Ba7 11. Nbd2 Be6 12. Bxe6 fxe6 13. d4 d5 14. Qc2 Nxe4 15. Nxe4 dxe4 16. Qxe4 Qd5 17. Qg4 Kh7 18. Rad1 exd4 19. Nxd4 Nxd4 20. Bxd4 Bxd4 21. Rxd4 Qxa2 22. Rd7 Rg8 23. Re1 Rae8 24. Re3 Qxb2 25. Rg3 Qc1+ 26. Kh2 Qg5 27. Qd4 c5 28. Qe4+ Qf5 29. Qb7 Qe5 30. f4 Qf5 31. Rdxg7+ Kh8 32. Rf7 Qc2 33. f5 1-0

[Event "56th Rubinstein Memorial A 2020"]
[Site "Polanica Zdroj"]
[Date "2020.08.23"]
[Round "9.5"]
[White "Kolodziejski, Piotr"]
[Black "Galant, Ireneusz"]
[Result "1-0"]
[ECO "B32"]
[WhiteElo "1928"]
[BlackElo "1803"]
[Annotator "NA"]
[PlyCount "65"]
[EventDate "2020.08.15"]
[EventType "swiss"]
[EventCountry "POL"]
[SourceTitle "playchess.com"]
[Source "ChessBase"]
[SourceQuality "1"]
[TimeControl "40/5400+30:1800+30"]

1. e4 c5 2. Nf3 Nc6 3. d4 cxd4 4. Nxd4 e5 5. Nb5 a6 6. Nd6+ Bxd6 7. Qxd6 Qe7 8. Qd1 Nf6 9. Nc3 d6 10. Be2 {[%emt 0:00:24] B32: Sicilian: Löwenthal and Kalashnikov Variations.} Be6 11. Be3 O-O 12. O-O b5 13. a3 h6 14. Bf3 {[%emt 0:14:06] [#]} Rac8 $146 ({Predecessor:} 14... Qc7 15. Kh1 Ne7 16. g4 Qd7 17. Rg1 d5 18. g5 Nxe4 19. Nxe4 dxe4 20. Qxd7 Bxd7 21. Bxe4 {0-1 (55) Jonasson,J-Wikfeldt,K Reykjavik 2000}) 15. Qd3 $2 (15. Nd5 $11 {and White is okay.} Bxd5 16. exd5) 15... Bc4 {[%emt 0:01:24] Skewer} 16. Qd2 Bxf1 17. Kxf1 Qc7 (17... Na5 $19 18. Qd3 Rfe8) 18. Rd1 Rfd8 19. Bxh6 Ne7 $11 (19... gxh6 $15 20. Qxh6 Qe7) 20. Bg5 Qd7 21. Bxf6 gxf6 22. Qh6 Rxc3 23. bxc3 Qe6 24. Rd3 Ng6 25. Bh5 Qa2 26. Bxg6 fxg6 27. Qxg6+ Kf8 28. Qxf6+ Ke8 29. Qg6+ Ke7 30. Qg5+ Ke8 31. Qc1 Qc4 32. f3 Kd7 33. Qb2 1-0

[Event "56th Rubinstein Memorial A 2020"]
[Site "Polanica Zdroj"]
[Date "2020.08.23"]
[Round "9.6"]
[White "Lukasiewicz, Krzysztof"]
[Black "Goluch, Piotr"]
[Result "1-0"]
[ECO "B13"]
[WhiteElo "2343"]
[BlackElo "2376"]
[Annotator "ChessBase"]
[PlyCount "87"]
[EventDate "2020.08.15"]
[EventType "swiss"]
[EventCountry "POL"]
[SourceTitle "playchess.com"]
[Source "ChessBase"]
[SourceQuality "1"]
[TimeControl "40/5400+30:1800+30"]

1. d4 Nf6 2. Bf4 c5 3. e3 cxd4 4. exd4 d5 5. Bd3 Nc6 6. c3 Bg4 7. Qb3 Qc8 8. Nd2 e6 9. Ngf3 Be7 10. O-O O-O 11. Rfe1 Bh5 12. Ne5 Nxe5 13. dxe5 Nd7 14. Qc2 Bg6 15. Bxg6 fxg6 16. Bg3 Bc5 17. Qb3 Nb6 18. Rac1 Nc4 19. Nf3 Qd7 20. Qc2 Rac8 21. b3 Na3 22. Qd3 b5 23. c4 bxc4 24. bxc4 d4 25. Red1 Qa4 26. Bh4 Rfe8 27. Bg5 Bb6 28. Qb3 Qa6 29. Nxd4 h6 30. Nb5 hxg5 31. Nxa3 Rf8 32. Rc2 Bc5 33. Nb5 Rf4 34. g3 Rff8 35. Nd6 Rcd8 36. Rcd2 Qc6 37. Qc2 Qf3 38. Ne4 Rxd2 39. Rxd2 Bb4 40. Nxg5 Qh5 41. Nxe6 Re8 42. Nf4 Qxe5 43. Re2 Qa1+ 44. Kg2 1-0

[Event "56th Rubinstein Memorial A 2020"]
[Site "Polanica Zdroj"]
[Date "2020.08.23"]
[Round "9.6"]
[White "Siekanska, Maria"]
[Black "Polak, Michal"]
[Result "1-0"]
[ECO "E49"]
[WhiteElo "1928"]
[BlackElo "1878"]
[Annotator "NA"]
[PlyCount "57"]
[EventDate "2020.08.15"]
[EventType "swiss"]
[EventCountry "POL"]
[SourceTitle "playchess.com"]
[Source "ChessBase"]
[SourceQuality "1"]
[TimeControl "40/5400+30:1800+30"]

1. d4 Nf6 2. c4 e6 3. Nc3 Bb4 4. e3 O-O 5. Bd3 d5 6. a3 Bxc3+ 7. bxc3 c5 8. cxd5 exd5 9. Ne2 Nc6 10. O-O Re8 11. f3 b6 12. Ng3 a5 {[%emt 0:01:40] [#] E49: Nimzo-Indian: Rubinstein: 5 Bd3 d5 6 a3 Bxc3+ 7 bxc3.} 13. Qd2 $146 ({Predecessor:} 13. Kh1 Ba6 14. Bxa6 Rxa6 15. Ra2 Ra7 16. a4 Rae7 17. Qb3 cxd4 18. cxd4 Nb4 19. Re2 Rc7 20. Ba3 {0-1 (40) Tregubov,P (2585)-Mareco,S (2635) Doha 2016}) 13... Ba6 14. Bb2 (14. Bxa6 $14 Rxa6 15. a4) 14... Bxd3 15. Qxd3 Ra7 16. e4 dxe4 17. fxe4 Rd7 {[%emt 0:10:48] [#]} 18. Rad1 $1 Ne5 (18... h5 $1 $11 {remains equal.}) 19. Qe2 Nc6 20. d5 $16 Nxd5 21. c4 Nf4 22. Qg4 Ne6 23. Rxd7 Qxd7 24. Nh5 Qd2 25. Nf6+ Kh8 26. Nxe8 Qxb2 27. Qxe6 Qd4+ 28. Kh1 fxe6 29. Rf8# 1-0